 Dungeon Crawl Stone Soup version 0.26-a0-667-g92642533e4 (webtiles) character file.

Game seed: 15911410983132272356

7161 vortex the Thaumaturge (level 11, -26/67 HPs)
             Began as a Gargoyle Fire Elementalist on Oct 16, 2020.
             Was a Priest of Fedhas.
             Killed from afar by a frost giant (27 damage)
             ... with a bolt of cold
             ... on level 10 of the Dungeon.
             The game lasted 00:48:44 (12640 turns).

vortex the Thaumaturge (GrFE)                      Turns: 12640, Time: 00:48:45

Health: -26/67     AC: 11    Str: 12    XL:     11   Next: 10%
Magic:  32/32      EV: 17    Int: 19    God:    Fedhas [***...]
Gold:   94         SH:  0    Dex: 10    Spells: 17/27 levels left

rFire    + . .     SeeInvis .   D - +6 flail (freeze)
rCold    + . .     Faith    .   (no shield)
rNeg     + . .     Spirit   .   A - +0 leather armour
rPois    ∞         Reflect  .   (no helmet)
rElec    +         Harm     .   (no cloak)
rCorr    +         Rampage  .   (no gloves)
MR       .....                  (no boots)
Stlth    ++........             (no amulet)
HPRegen  0.21/turn              a - ring of magical power
MPRegen  0.23/turn              x - +4 ring of evasion

@: resistant
A: negative energy resistance 1, electricity resistance, unbreathing,
petrification resistance, rot immunity, AC +8
a: Wall of Briars, Grow Ballistomycete, Renounce Religion


You were on level 10 of the Dungeon.
You worshipped Fedhas.
Fedhas was most pleased with you.
You visited 2 branches of the dungeon, and saw 11 of its levels.

You collected 598 gold pieces.
You spent 504 gold pieces at shops.

Inventory:

Hand Weapons
 D - a +6 flail of freezing (weapon)
Armour
 A - a +0 leather armour (worn)
Jewellery
 a - a ring of magical power (left hand)
 x - a +4 ring of evasion (right hand)
Wands
 f - a wand of paralysis (9)
 z - a wand of enslavement (6)
Scrolls
 l - a scroll of enchant armour
 m - a scroll of fog
 n - a scroll of immolation
 o - a scroll of amnesia
 p - 2 scrolls of magic mapping
 t - 3 scrolls of fear
 u - a scroll of blinking
 v - 9 scrolls of remove curse
 y - 2 scrolls of teleportation
Potions
 b - 3 potions of brilliance
 c - 6 potions of curing
 d - a potion of might
 e - a potion of magic {unknown}
 g - 2 potions of lignification {unknown}
 h - 2 potions of cancellation {unknown}
 i - a potion of stabbing {unknown}
 j - a potion of ambrosia {unknown}
 k - 5 potions of heal wounds
 q - 4 potions of haste
 r - a potion of resistance
 s - a potion of flight
 B - 3 potions of degeneration {unknown}
Miscellaneous
 w - a condenser vane (1/2)


   Skills:
 + Level 7.2 Fighting
 - Level 3.6 Armour
 - Level 4.4 Dodging
 - Level 2.1 Stealth
 * Level 8.5 Spellcasting
 + Level 7.4 Conjurations
 + Level 7.4 Fire Magic
 + Level 5.5 Invocations


You had 17 spell levels left.
You knew the following spells:

 Your Spells              Type           Power        Failure   Level
a - Foxfire               Conj/Fire      ####         1%          1
c - Sticky Flame          Conj/Fire      #####...     5%          4
f - Fireball              Conj/Fire      #####.....   14%         5

Your spell library contained the following spells:

 Spells                   Type           Power        Failure   Level
 Conjure Flame            Conj/Fire      #####...     1%          3
 Inner Flame              Hex/Fire       ###.....     7%          3


Dungeon Overview and Level Annotations

Branches:
Dungeon (10/15)            Temple (1/1) D:6             Orc (0/2) D:9
   Lair: D:8-11

Altars:
Ashenzari
Cheibriados
Dithmenos
Elyvilon
Fedhas
Gozag
Hepliaklqana
Kikubaaqudgha
Makhleb
Nemelex Xobeh
Okawaru
Qazlal
Ru
Sif Muna
Trog
Uskayaw
Vehumet
Wu Jian
Xom
Yredelemnul
Zin
The Shining One

Shops:
D:9 =*!}:

Annotations:
D:9 need rF++


Innate Abilities, Weirdness & Mutations

You are resistant to torment.
Your stone body is resilient. (AC +8)
You are immune to poison.
You resist negative energy. (rN+)
You are resistant to electric shocks. (rElec)
You can survive without breathing.
You are immune to petrification.
You are immune to rotting.


Message History

Confirm with . or Enter, or press ? or * to list all spells.
You conjure some foxfire!
The frost giant gestures at you while chanting.
The bolt of cold hits you!!
Ouch! That really hurt!
The foxfire hits the frost giant.
The frost giant is lightly wounded.
The foxfire hits the frost giant!
The frost giant is lightly wounded.
The frost giant casts a spell at you. The bolt of cold misses you.
The frost giant points at you and mumbles some strange words.
The bolt of cold hits you!!
Ouch! That really hurt!
* * * LOW HITPOINT WARNING * * *
You feel protected.
The frost giant points at you and mumbles some strange words.
The bolt of cold hits you!! You resist.
You die...
Fedhas appreciates your contribution to the ecosystem.

.##Z..##.## #.....#...#.#(#
.#.....#..#
####..>..#####...#
##.....##.## #...######
#...# #.##.##.#..# #.#.#
#.#.# ##.#.#O###.####...#
###...# #.....#### #.....#
##....## #.###.# ####...###
#....># #..###.@.### #.....#
#....###...### #.....# ##.
##.#.#.###.C.####.....#
#[}[#
#.#.#.#.####..........#
#CG.##........C..##..#.....#
#...#.#[#.####..........#
#.#.#§#.#.###............#
#. #.....###...#######....#
#. ##..###....##.....#.##.#


You could see a frost giant.

Vanquished Creatures
  A two-headed ogre (D:10)
  A death yak (D:10)
  Pikel (D:6)
  Joseph (D:8)
  6 yaks (D:10)
  6 orc warriors
  A water moccasin (D:7)
  An ice beast (D:10)
  4 phantoms
  4 sky beasts
  3 ogres
  6 centaurs
  2 big kobolds (D:8)
  3 bullfrogs
  A water moccasin zombie (D:8)
  2 scorpions
  3 wights
  6 howler monkeys
  2 electric eels (D:8)
  2 centaur zombies
  3 hounds
  5 orc priests
  A bullfrog zombie (D:10)
  5 orc wizards
  A bullfrog skeleton (D:5)
  A jelly (D:8)
  A centaur skeleton (D:7)
  2 iguanas
  10 worker ants
  A killer bee zombie (D:5)
  A hound zombie (D:5)
  A hound skeleton (D:10)
  6 adders
  A shadow imp (D:7)
  3 white imps
  3 ufetubi
  2 oozes
  2 adder skeletons
  3 worms
  2 dart slugs (D:1)
  4 leopard geckos
  30 orcs
  2 ball pythons
  6 giant cockroaches
  4 goblins
  6 hobgoblins
  6 jackals
  14 kobolds
  5 quokkas
  6 bats
  4 frilled lizards
  2 leopard gecko skeletons
  6 rats
205 creatures vanquished.

Vanquished Creatures (others)
  A centaur zombie (D:10)
  1186 foxfires
  10 fungi (D:8)
1197 creatures vanquished.

Grand Total: 1402 creatures vanquished

Notes
Turn   | Place    | Note
-------+----------+-------------------------------------------
     0 | D:1      | vortex the Gargoyle Fire Elementalist began the quest for
                  | the Orb.
     0 | D:1      | Reached XP level 1. HP: 10/10 MP: 3/3
   184 | D:1      | Reached XP level 2. HP: 16/16 MP: 0/5
   622 | D:1      | Reached skill level 1 in Fighting
   695 | D:1      | Reached XP level 3. HP: 20/20 MP: 1/6
  1414 | D:2      | Found a white marble altar of Elyvilon.
  1532 | D:2      | Reached XP level 4. HP: 25/25 MP: 2/7
  2396 | D:3      | Learned a level 4 spell: Sticky Flame
  3076 | D:3      | Reached XP level 5. HP: 30/30 MP: 4/9
  3128 | D:3      | Found a hazy altar of Hepliaklqana.
  3593 | D:4      | Noticed a phantom
  3636 | D:4      | Killed a phantom
  3636 | D:4      | Reached skill level 3 in Spellcasting
  3636 | D:4      | Reached XP level 6. HP: 36/36 MP: 0/10
  3965 | D:4      | You fall into a shaft and drop 2 floors!
  3995 | D:6      | Found a staircase to the Ecumenical Temple.
  4004 | Temple   | Entered the Ecumenical Temple
  4208 | Temple   | Became a worshipper of Fedhas Madash
  4295 | D:6      | Learned a level 5 spell: Fireball
  4356 | D:5      | Entered Level 5 of the Dungeon
  4361 | D:5      | Reached XP level 7. HP: 37/41 MP: 0/12
  4984 | D:4      | Reached skill level 4 in Spellcasting
  5595 | D:5      | Found an opulent altar of Gozag.
  5743 | D:5      | Reached XP level 8. HP: 48/48 MP: 10/15
  5865 | D:5      | Reached skill level 5 in Fire Magic
  5939 | D:5      | Reached * piety under Fedhas
  5939 | D:5      | Reached skill level 5 in Spellcasting
  6392 | D:6      | Found a glowing silver altar of Zin.
  6395 | D:6      | Noticed an angel
  6398 | D:6      | Found a shimmering altar of Xom.
  6842 | D:6      | Noticed Pikel
  6865 | D:6      | Killed Pikel
  6865 | D:6      | Reached skill level 5 in Conjurations
  7271 | D:7      | Reached skill level 5 in Fighting
  7271 | D:7      | Reached XP level 9. HP: 48/54 MP: 13/17
  7379 | D:7      | Reached skill level 6 in Spellcasting
  9002 | D:8      | Reached skill level 1 in Armour
  9295 | D:8      | Reached ** piety under Fedhas
  9295 | D:8      | Reached skill level 7 in Spellcasting
  9685 | D:8      | Noticed Joseph
  9699 | D:8      | Killed Joseph
  9699 | D:8      | Reached XP level 10. HP: 10/60 MP: 8/20
 10324 | D:9      | Found Ycecaif's Jewellery Emporium.
 10822 | D:9      | Found a stormy altar of Qazlal.
 10885 | D:9      | Found a staircase to the Orcish Mines.
 10936 | D:9      | Found Qorrett's Distillery.
 10970 | D:9      | Bought a potion of curing for 36 gold pieces
 10970 | D:9      | Bought a potion of haste for 120 gold pieces
 10970 | D:9      | Bought a potion of heal wounds for 60 gold pieces
 10970 | D:9      | Bought 2 potions of haste for 240 gold pieces
 10970 | D:9      | Bought a potion of brilliance for 48 gold pieces
 11096 | D:9      | Found Gulo's Book Shoppe.
 11115 | D:9      | Found a bloodstained altar of Trog.
 11115 | D:9      | Found a shadowy altar of Dithmenos.
 11115 | D:9      | Found a snail-covered altar of Cheibriados.
 11115 | D:9      | Found a hide-covered altar of Uskayaw.
 11122 | D:9      | Found a radiant altar of Vehumet.
 11126 | D:9      | Found a sacrificial altar of Ru.
 11146 | D:9      | Found Cuevybah's Gadget Shop.
 11325 | D:9      | Found Voafuic's Assorted Antiques.
 11420 | D:10     | Entered Level 10 of the Dungeon
 11422 | D:10     | Noticed a death yak
 11424 | D:10     | Noticed a death yak
 11742 | D:10     | Noticed a death yak
 11744 | D:10     | Noticed a death yak
 11746 | D:10     | Noticed a death yak
 11764 | D:10     | Killed a death yak
 11979 | D:10     | Noticed a two-headed ogre
 11989 | D:10     | Killed a two-headed ogre
 11989 | D:10     | Reached *** piety under Fedhas
 11989 | D:10     | Reached skill level 8 in Spellcasting
 11989 | D:10     | Reached skill level 5 in Invocations
 12084 | D:10     | Noticed a two-headed ogre
 12434 | D:10     | Reached XP level 11. HP: 66/67 MP: 16/23
 12615 | D:10     | Noticed a frost giant
 12616 | D:10     | Noticed a great orb of eyes
 12639 | D:10     | HP: 1/67 [frost giant/bolt of cold (34)]
 12640 | D:10     | Killed from afar by a frost giant

Illustrated notes

Levels and vault maps discovered:
D:1:      dpeg_arrival_arbitrary_a, layout_loops_ring
D:2:      layout_rooms, elyvilon_altar_4
D:3:      layout_loops_corners, lemuel_round_altar
D:4:      layout_basic, minmay_unequal
D:5:      layout_loops_corners, grunt_gozag_breadcrumbs
D:6:      layout_loops_corners, grunt_temple_overflow_order_and_chaos_1,
          minmay_temple_entry_tees, minmay_stone_trees_medium, uniq_pikel
D:7:      layout_basic
D:8:      layout_loops_ring, fungi_pond_lemuel, uniq_joseph
D:9:      layout_long_grid, minmay_overflow_temple_hex,
          overflow_temple_1_default, david_orc_2, serial_shops,
          nicolae_shop_temple_entry_statues_fountains, shop,
          nicolae_shop_crystal, shop, shop, lemuel_flame_loot_1
D:10:     minmay_the_grid_four_pointed_star
          [minmay_the_grid_triangle_9x9_skeleton,
          minmay_the_grid_triangle_9x9_warning,
          minmay_the_grid_triangle_9x9_zippers_vertical,
          minmay_the_grid_triangle_9x9_steps,
          minmay_the_grid_prize_diamond_cup], layout_stronghold,
          dpeg_lair_monsters
Temple:   jpeg_temple_alley_garden

Skill      XL: |  1  2  3  4  5  6  7  8  9 10 |
---------------+-------------------------------+-----
Fighting       | 1 2 3 4 5 6 7 |  7.2
Dodging        | 2 3 4 |  4.4
Conjurations   | 2 3 4 5 6 7 |  7.4
Spellcasting   | 3 4 5 7 8 |  8.5
Fire Magic     | 4 5 6 7 |  7.4
Invocations    | 2 4 5 |  5.5
Armour         | 2 3 |  3.6
Stealth        | |  2.1

Action                   |  1- 3 |  4- 6 |  7- 9 | 10-12 || total
-------------------------+-------+-------+-------+-------++-------
Melee: Whip              |     8 |    28 |    15 |     2 ||    53
       Flail             |       |       |       |     5 ||     5
 Cast: Foxfire           |    67 |   125 |   334 |   169 ||   695
       Sticky Flame      |       |       |     4 |    19 ||    23
Evoke: Wand              |       |       |       |     3 ||     3
       Condenser vane    |       |       |       |     1 ||     1
  Use: Scroll            |       |     3 |     8 |     9 ||    20
       Potion            |       |       |       |     1 ||     1
 Stab: Sleeping          |       |       |     1 |       ||     1
Armor: Robe              |     6 |    15 |    22 |       ||    43
       Leather armour    |       |       |     6 |     3 ||     9
Dodge: Dodged            |     7 |    36 |    50 |    35 ||   128

Table legend: (Time is in decaauts)
 A = Elapsed time spent in this place.
 B = Non-inter-level travel time spent in this place.
 C = Inter-level travel time spent in this place.
 D = Time resting spent in this place.
 E = Time spent auto-exploring this place.
 F = Levels seen in this place.
 G = Mean time per level.
                   A        B        C        D        E       F      G
               +--------+--------+--------+--------+--------+-----+--------+
         Total |  12640 |  12190 |    450 |     56 |  10425 |  11 | 1149.1 |
       Dungeon |  12395 |  11989 |    406 |     56 |  10226 |  10 | 1239.5 |
        Temple |    245 |    201 |     44 |      0 |    199 |   1 |  245.0 |
               +--------+--------+--------+--------+--------+-----+--------+

Top non-repeatable levels by time:
     D:8: 1511 daAuts
     D:7: 1473 daAuts
     D:5: 1386 daAuts
     D:3: 1355 daAuts
     D:1: 1252 daAuts
     D:9: 1214 daAuts
    D:10: 1112 daAuts
     D:6: 1097 daAuts
     D:2: 1056 daAuts
     D:4: 934 daAuts
  Temple: 245 daAuts
